 Dungeon Crawl Stone Soup version 0.27.1-34-g3ba077fa99 (webtiles) character file.

Game seed: 516449470301103588

25 cbfl8 the Conjurer (level 2, -3/20 HPs)
             Began as a Minotaur Wanderer on Jan 17, 2022.
             Slain by a worm (9 damage)
             ... on level 2 of the Dungeon.
             The game lasted 00:01:46 (1401 turns).

cbfl8 the Conjurer (Minotaur Wanderer)              Turns: 1401, Time: 00:01:46

Health: -3/20      AC:  8    Str: 17    XL:     2   Next: 82%
Magic:  1/1        EV:  9    Int:  9    God:
Gold:   69         SH:  0    Dex:  8    Spells: 1/1 levels left

rFire    . . .     SeeInvis .   f - +0 falchion
rCold    . . .     Faith    .   (no shield)
rNeg     . . .     Spirit   .   b - +2 scale mail
rPois    .         Reflect  .   (helmet restricted)
rElec    .         Harm     .   (no cloak)
rCorr    .         Rampage  .   (no gloves)
Will     .....                  (no boots)
Stlth    ..........             (no amulet)
HPRegen  0.06/turn              (no ring)
MPRegen  0.07/turn              (no ring)

@: no status effects
A: horns 2, retaliatory headbutt
a: no special abilities


You were on level 2 of the Dungeon.
You visited 1 branch of the dungeon, and saw 2 of its levels.

You collected 69 gold pieces.

Inventory:

Hand Weapons
 a - a +0 club
 f - a +0 falchion (weapon)
Armour
 b - a +2 scale mail (worn)
Scrolls
 c - 2 scrolls of teleportation {unknown}
 e - 3 scrolls of blinking {unknown}
Potions
 d - a potion of brilliance {unknown}
 g - a potion of curing {unknown}


   Skills:
 + Level 1.2(1.3) Axes
 + Level 0.7(1.1) Maces & Flails
 + Level 2.6 Armour
 + Level 2.6 Shields
 + Level 3.4 Conjurations
 + Level 1.0 Summonings


You had one spell level left.
You didn't know any spells.
Your spell library contained the following spells:

 Spells                   Type           Power      Damage    Failure   Level
 Magic Dart               Conj           24%        1d4       32%         1
 Sandblast                Erth           0%         2d4       80%         1
 Stone Arrow              Conj/Erth      6%         3d7       90%         3


Dungeon Overview and Level Annotations

Branches:
Dungeon (2/15)

Altars:


Innate Abilities, Weirdness & Mutations

You have a pair of horns on your head.
You reflexively headbutt those who attack you in melee.


Message History

A bat comes into view.
The bat barely misses you. The bat hits you but does no damage. x2
You hit the bat.
You kill the bat!
You see here a bat corpse.
Done exploring.
There is an open door here.
There is an open door here.
There is a faded altar of an unknown god here.
There is an open door here.
You see here 13 stones.
There is an open door here.
You see here a +0 dagger.
There is a stone staircase leading down here.
You climb downwards.
The endoplasm quivers.
There is a stone staircase leading up here.
You hit the endoplasm.
The endoplasm is almost dead.
The endoplasm freezes you.
You are frozen.
You hit the endoplasm.
You kill the endoplasm!
You start resting.
HP restored.
You start waiting.
Done waiting.
A worm comes into view.
An endoplasm comes into view.
The endoplasm quivers.
The worm bites you.
You completely miss the worm. The worm bites you but does no damage.
You barely miss the worm. You barely miss the worm. The worm bites you!
* * * LOW HITPOINT WARNING * * *
You hit the worm.
The worm is moderately wounded.
The worm bites you!
You die...

#.# #.#
#.# #.#
#.# #J#
#w# #@#
#.# #.#
#.#
#######.#
#...<...#
#.#######


You could see a worm and an endoplasm.

Vanquished Creatures
  A dart slug (D:1)
  3 bats (D:1)
  3 endoplasms
  A giant cockroach (D:1)
  2 goblins (D:1)
  3 hobgoblins (D:1)
  3 kobolds (D:1)
  3 ball pythons (D:1)
  A frilled lizard (D:1)
  A rat (D:1)
21 creatures vanquished.

Vanquished Creatures (others)
  A fungus (D:1)
  A plant (D:1)
2 creatures vanquished.

Grand Total: 23 creatures vanquished

Notes
Turn   | Place    | Note
-------+----------+-------------------------------------------
     0 | D:1      | cbfl8 the Minotaur Wanderer began the quest for the Orb.
     0 | D:1      | cbfl8 set off with the following items: a +0 club, a +2
                  | scale mail; and the following spells available to memorise:
                  | Magic Dart, Sandblast, Stone Arrow
     0 | D:1      | Reached XP level 1. HP: 14/14 MP: 0/0
    46 | D:1      | Reached skill level 3 in Conjurations
   524 | D:1      | Reached XP level 2. HP: 20/20 MP: 1/1
  1109 | D:1      | Found a faded altar of an unknown god.
  1401 | D:2      | Slain by a worm

Illustrated notes

Levels and vault maps discovered:
D:1:      dpeg_arrival_rooms_a, layout_basic, shapermc_ecumenical_altar_ellora
D:2:      layout_loops_ring

Skill      XL: |  1 |
---------------+----+-----
Conjurations   | 3 |  3.4
Axes           | |  1.2
Maces & Flails | |  0.7
Armour         | |  2.6
Shields        | |  2.6
Summonings     | |  1.0

Action                   || total
-------------------------++-------
Melee: Club              ||    37
       Headbutt          ||     5
       Falchion          ||    28
Armor: Scale mail        ||    34
Dodge: Dodged            ||    43
       Rpst.: Falchion   ||     4
